 Dungeon Crawl Stone Soup version 0.17.1-1-g73c8601 (webtiles) character file.

2647 Mysteryquy the Martial Artist (level 9, -3/43 HPs)
             Began as a Vine Stalker Monk on Jan 2, 2016.
             Was a High Priest of Cheibriados.
             Killed by divine providence
             ... invoked by an orc priest
              (13 damage)
             ... on level 7 of the Dungeon.
             The game lasted 00:14:11 (5892 turns).

Mysteryquy the Martial Artist (Vine Stalker Monk)   Turns: 5892, Time: 00:14:12

Health: -3/43      AC: 10    Str: 30    XL:     9   Next: 62%
Magic:  0/10       EV: 14    Int: 27    God:    Cheibriados [*****.]
Gold:   507        SH:  0    Dex: 32    Spells: 0 memorised, 8 levels left

rFire  . . .     SeeInvis .       - Unarmed
rCold  . . .     Clarity  .     a - +0 robe
rNeg   . . .     SustAt   .     (no shield)
rPois  .         Gourm    .     E - +1 helmet {Int+3}
rElec  .         Spirit   +     v - +2 cloak
rCorr  .         Warding  .     (no gloves)
rMut   .         Stasis   .     y - +2 pair of boots
MR     +....                    (no amulet)
Stlth  +++.......               (no ring)
                                (no ring)

@: very slow, somewhat resistant to hostile enchantments, fairly stealthy
A: fangs 3, regeneration 2, magic shield, antimagic bite, no device heal 3, rot
immunity
a: Bend Time, Temporal Distortion, Slouch, Step From Time, Renounce Religion


You were on level 7 of the Dungeon.
You worshipped Cheibriados.
Cheibriados was extremely pleased with you.
You were not hungry.

You visited 1 branch of the dungeon, and saw 7 of its levels.
You also visited: Sewer and Ossuary.

You collected 507 gold pieces.

Inventory:

Armour
 a - a +0 robe (worn)
 v - a +2 cloak (worn)
 y - a +2 pair of boots (worn)
 E - a +1 helmet of intelligence (worn)
 S - a +1 helmet
Jewellery
 e - an uncursed ring of poison resistance {unknown}
 p - an uncursed amulet of resist corrosion {unknown}
 u - an uncursed ring of stealth {unknown}
 F - an uncursed ring of protection from magic {unknown}
 O - an uncursed ring of stealth {unknown}
 T - an uncursed ring of protection from magic {unknown}
Wands
 j - a wand of enslavement (15)
 P - a wand of draining (14)
Scrolls
 d - 5 scrolls of recharging
 f - 4 scrolls of noise
 l - 9 scrolls of identify
 o - 3 scrolls of enchant armour
 s - a scroll of immolation
 t - 5 scrolls of teleportation
 A - 2 scrolls of magic mapping
 C - 2 scrolls of remove curse
 L - 2 scrolls of enchant weapon
Potions
 g - a potion of cure mutation
 h - 4 potions of haste {unknown}
 i - 2 potions of magic {unknown}
 m - 3 potions of invisibility {unknown}
 q - 2 potions of lignification {unknown}
 r - 3 potions of berserk rage {unknown}
 w - 3 potions of curing {unknown}
 z - 3 potions of might {unknown}
 G - 2 potions of heal wounds {unknown}
 H - 3 potions of ambrosia {unknown}
 I - a potion of flight {unknown}
 K - 2 potions of brilliance {unknown}
 R - a potion of poison {unknown}
Books
 k - a book of Beasts

   Spells                             Type                      Level
   a - Summon Butterflies             Summoning                    1
   b - Call Canine Familiar           Summoning                    3
   c - Summon Ice Beast               Ice/Summoning                4
   d - Summon Mana Viper              Hexes/Summoning              5
   e - Summon Hydra                   Summoning                    7
 N - a book of Death

   Spells                             Type                      Level
   a - Corpse Rot                     Necromancy                   2
   b - Sublimation of Blood           Necromancy                   2
   c - Agony                          Necromancy                   5
   d - Dispel Undead                  Necromancy                   5
   e - Excruciating Wounds            Charms/Necromancy            5
   f - Bolt of Draining               Conjuration/Necromancy       5
 Q - a book of Frost

   Spells                             Type                      Level
   a - Freeze                         Ice                          1
   b - Throw Frost                    Conjuration/Ice              2
   c - Ozocubu's Armour               Charms/Ice                   3
   d - Throw Icicle                   Conjuration/Ice              4
   e - Summon Ice Beast               Ice/Summoning                4
   f - Condensation Shield            Ice                          4
Comestibles
 b - 9 bread rations
 c - 4 beef jerkies
 n - a fruit
 B - a slice of pizza
 D - 2 meat rations
 M - a royal jelly


   Skills:
 - Level 2.6 Fighting
 - Level 2.4 Dodging
 - Level 2.4 Stealth
 + Level 13.0 Unarmed Combat


You had 8 spell levels left.
You didn't know any spells.

Dungeon Overview and Level Annotations

Branches:
Dungeon (7/15)             Temple (0/1) D:6

Altars:
Cheibriados
Dithmenos
Elyvilon
Fedhas
Gozag
Kikubaaqudgha
Okawaru
Qazlal
Trog
Yredelemnul
The Shining One


Innate Abilities, Weirdness & Mutations

You have razor-sharp teeth.
You heal very quickly.
When hurt, damage is shared between your health and your magic reserves.
Your bite disrupts and absorbs the magic of your enemies.
Potions and wands cannot restore your health.
You are immune to rotting.


Message History

Cheibriados appreciates the change of pace.
Your Unarmed Combat skill increases to level 13!
The orc priest mumbles some strange prayers to Beogh against you.
Something smites you!
An adder skeleton comes into view.
You hit the orc priest. You bite the orc priest. You drain its power.
You feel invigorated.
The orc priest is heavily wounded.
You barely miss the orc priest.
You bite the orc priest, but do no damage.
The orc priest is heavily wounded.
The orc priest hits you with a flail.
* * * LOW HITPOINT WARNING * * *
You punch the orc priest!
You kill the orc priest!
Cheibriados appreciates the change of pace.
The flow of time bends around you.
You feel slightly more hungry.
The orc priest mumbles some strange prayers to Beogh against you.
Something smites you!
You die...

*.# *,* #..## *.#
*,* #.... *.# *,*
#.... *.#
*.#####...< *Z#
*.......)..
##o###########.[..
#.)##.............
#)###.#########...
#@# #.# #.## #.# #.#
#.## #.#
#.#########.# #.#
#.........#.# #.#
#########.#.# #.#
#.#.## ##.## #....#
##...##########.#.#.
#..#..>.............


You could see an orc priest and an adder skeleton.

Vanquished Creatures
  3 centaurs (D:6)
  5 ogres
  A necrophage (D:6)
  A giant frog (D:6)
  Blork the orc (D:6)
  A wyvern skeleton (D:7)
  A wyvern zombie (D:7)
  10 scorpions
  3 orc wizards (D:5)
  3 giant frog skeletons
  A hound (D:7)
  2 crimson imps
  Crazy Yiuf (D:3)
  3 orc priests
  A quasit (D:5)
  A jelly (D:5)
  3 centaur zombies (Ossuary)
  Jessica (D:3)
  2 human zombies (Ossuary)
  3 worker ants
  A killer bee zombie (D:7)
  3 big kobold zombies (Ossuary)
  3 mummies (Ossuary)
  7 adders
  9 gnolls
  2 river rats (Sewer)
  A scorpion zombie (Ossuary)
  An ooze (D:3)
  An adder zombie (D:7)
  3 worms
  4 giant geckos
  19 orcs
  11 giant cockroaches
  6 hobgoblins
  8 jackals
  13 kobolds
  2 quokkas
  2 ball pythons
  9 bats
  A giant cockroach zombie (D:6)
  15 giant newts
  2 gnoll zombies (Ossuary)
  8 goblins
  2 hobgoblin zombies (Ossuary)
  2 kobold zombies (Ossuary)
  An orc zombie (Ossuary)
  12 rats
195 creatures vanquished.

Vanquished Creatures (others)
  A hobgoblin zombie (Ossuary)
  A fungus (D:6)
2 creatures vanquished.

Grand Total: 197 creatures vanquished

Notes
Turn   | Place    | Note
--------------------------------------------------------------
     0 | D:1      | Mysteryquy the Vine Stalker Monk began the quest for the Orb.
     0 | D:1      | Reached XP level 1. HP: 11/11 MP: 2/2
   113 | D:1      | Reached XP level 2. HP: 11/16 MP: 3/3
   624 | D:2      | Reached XP level 3. HP: 19/19 MP: 4/4
   730 | D:2      | Reached skill level 5 in Unarmed Combat
   976 | D:2      | Found a glowing golden altar of the Shining One.
  1240 | D:3      | Noticed Jessica
  1245 | D:3      | Killed Jessica
  1245 | D:3      | Reached XP level 4. HP: 12/23 MP: 2/5
  1493 | D:3      | Found a snail-covered altar of Cheibriados.
  1504 | D:3      | Became a worshipper of Cheibriados the Contemplative
  1504 | D:3      | Reached * piety under Cheibriados
  1504 | D:3      | Reached ** piety under Cheibriados
  1576 | D:3      | Reached skill level 6 in Unarmed Combat
  1727 | D:3      | Found a shadowy altar of Dithmenos.
  1790 | D:3      | Reached XP level 5. HP: 22/27 MP: 4/6
  1855 | D:3      | Noticed Crazy Yiuf
  1864 | D:3      | Killed Crazy Yiuf
  2170 | D:3      | Reached *** piety under Cheibriados
  2502 | D:4      | Found a glowing drain.
  2534 | Sewer    | Entered a sewer
  2561 | Sewer    | Reached skill level 7 in Unarmed Combat
  2561 | Sewer    | Gained mutation: You heal very quickly. [Vine Stalker growth]
  2561 | Sewer    | Reached XP level 6. HP: 14/32 MP: 5/7
  2737 | Sewer    | Reached **** piety under Cheibriados
  2974 | D:4      | You fall through a shaft!
  2974 | D:5      | Entered Level 5 of the Dungeon
  2974 | D:5      | Found a white marble altar of Elyvilon.
  3007 | D:4      | Found a blossoming altar of Fedhas.
  3403 | D:5      | Found a sand-covered staircase.
  3413 | Ossuary  | Entered an ossuary
  3433 | Ossuary  | Reached skill level 8 in Unarmed Combat
  3536 | Ossuary  | Reached XP level 7. HP: 35/35 MP: 8/8
  3665 | Ossuary  | Reached skill level 9 in Unarmed Combat
  3718 | Ossuary  | Gained mutation: You have razor-sharp teeth. [Vine Stalker growth]
  3718 | Ossuary  | Reached XP level 8. HP: 39/39 MP: 9/9
  3766 | Ossuary  | Reached skill level 10 in Unarmed Combat
  3907 | D:5      | Reached ***** piety under Cheibriados
  3978 | D:5      | Found an opulent altar of Gozag.
  4237 | D:5      | Reached skill level 11 in Unarmed Combat
  4343 | D:5      | Found a basalt altar of Yredelemnul.
  4801 | D:6      | Found an iron altar of Okawaru.
  4830 | D:6      | Found a stormy altar of Qazlal.
  4831 | D:6      | Found a bloodstained altar of Trog.
  4834 | D:6      | Reached XP level 9. HP: 43/43 MP: 10/10
  4946 | D:6      | Found a staircase to the Ecumenical Temple.
  4955 | D:6      | Found an opulent altar of Gozag.
  4956 | D:6      | Noticed Blork the orc
  4966 | D:6      | Killed Blork the orc
  4973 | D:6      | Reached skill level 12 in Unarmed Combat
  5040 | D:6      | Found an ancient bone altar of Kikubaaqudgha.
  5401 | D:6      | Found an iron altar of Okawaru.
  5888 | D:7      | Reached skill level 13 in Unarmed Combat
  5892 | D:7      | Killed from afar by an orc priest

Action                   |  1- 3 |  4- 6 |  7- 9 || total
-------------------------+-------+-------+-------++-------
Melee: Unarmed           |    96 |   169 |   221 ||   486
Invok: Bend Time         |       |       |     1 ||     1
  Use: Scroll            |       |       |    12 ||    12
 Stab: Sleeping          |     2 |    15 |    12 ||    29
       Distracted        |       |     2 |     2 ||     4
  Eat: Chunk             |     1 |     4 |     5 ||    10
